 Dungeon Crawl Stone Soup version 0.19-b1-3-g7dea586 (webtiles) character file.

245 tamtam the Slasher (level 5, -1/42 HPs)
             Began as a Demonspawn Chaos Knight on Oct 29, 2016.
             Shot with an arrow by a centaur (6 damage)
             ... on level 4 of the Dungeon.
             The game lasted 00:25:57 (2545 turns).

tamtam the Slasher (Demonspawn Chaos Knight)        Turns: 2545, Time: 00:25:57

Health: -1/42      AC: 10    Str: 13    XL:     5   Next: 84%
Magic:  5/5        EV:  9    Int: 12    God:    Xom [.*....]
Gold:   84         SH:  0    Dex: 10    Spells: 0 memorised, 4 levels left

rFire  . . .     SeeInvis .     a - +0 falchion (chaos)
rCold  . . .     Gourm    .     l - +1 scale mail
rNeg   . . .     Faith    +     (no shield)
rPois  .         Spirit   .     h - +0 helmet
rElec  .         Reflect  .     (no cloak)
rCorr  .         Harm     .     (no gloves)
MR     .....                    (no boots)
Stlth  ..........               g - amulet of faith
                                (no ring)
                                e - +5 ring of protection

@: no status effects
A: claws 1, clumsy 1, deformed body, dopey 1, powered by death 1, screaming 1
a: Renounce Religion


You were on level 4 of the Dungeon.
You worshipped Xom.
You were a plaything of Xom.
You were not hungry.

You visited 1 branch of the dungeon, and saw 4 of its levels.

You collected 84 gold pieces.

Inventory:

Hand Weapons
 a - a +0 falchion of chaos (weapon)
 k - a +0 long sword
 t - a +0 hunting sling
Missiles
 s - 13 stones (quivered)
Armour
 h - a +0 helmet (worn)
 l - a +1 scale mail (worn)
Jewellery
 e - a +5 ring of protection (left claw)
 g - an amulet of faith (around neck)
Wands
 b - a wand of polymorph (5/24)
Scrolls
 d - a scroll of fear
 f - 2 scrolls of amnesia
 i - 2 scrolls of identify
 m - a scroll of blinking
 n - 2 scrolls of magic mapping
 q - a scroll of teleportation
Potions
 o - a potion of might
Comestibles
 c - a bread ration


   Skills:
 + Level 4.2 Fighting
 + Level 4.5 Long Blades
 + Level 2.4 Armour
 + Level 1.6 Dodging
 + Level 1.0 Stealth


You had 4 spell levels left.
You didn't know any spells.

Dungeon Overview and Level Annotations

Branches:
Dungeon (4/15)
 Temple: D:4-7

Altars:
Xom


Innate Abilities, Weirdness & Mutations

You have sharp fingernails.
You regenerate a little health from kills.
You are clumsy. (Dex -2)
Armour fits poorly on your strangely shaped body.
You are dopey. (Int -2)
You occasionally shout uncontrollably at your foes.


Message History

The centaur shoots an arrow.
The arrow hits you.
You see here an arrow.
The centaur shoots an arrow.
The arrow hits you!
You see here an arrow.
The centaur shoots an arrow.
The arrow closely misses you.
You see here an arrow.
The centaur shoots an arrow.
The arrow hits you.
You see here 2 arrows.
The centaur shoots an arrow.
The arrow hits you.
You see here an arrow.
The centaur shoots an arrow.
The arrow hits you.
* * * LOW HITPOINT WARNING * * *
You see here 2 arrows.
The centaur shoots an arrow.
The arrow barely misses you.
The centaur shoots an arrow.
The arrow hits you!
* * * LOW HITPOINT WARNING * * *
Unknown command.
The centaur shoots an arrow.
The arrow hits you.
You die...
Xom howls with laughter!

#.# #.##.# ##.#### #.###.##.#
#.# #........# #.# #####.####
##'## ##.##### ##...## #.#....#
##.....## ##. ##.##<.#
##.......#
#....##########...####.........
.......c(((((.@......'.........
#....##########...####.........
##. #....# ##.......# #.####
##.....## #. ##...## #. ##'##
#. #.# #. #.# ####.####


You could see a centaur.

Vanquished Creatures
  A scorpion (D:4)
  Ijyb (D:2)
  A worker ant (D:4)
  Robin (D:4)
  2 gnolls (D:1)
  3 adders
  An ooze (D:1)
  2 dart slugs
  A leopard gecko (D:3)
  4 orcs (D:3)
  3 giant cockroaches
  11 goblins
  13 hobgoblins
  5 jackals (D:3)
  2 quokkas
  A ball python (D:1)
  11 bats
  3 frilled lizards
  4 kobolds
  11 rats
81 creatures vanquished.

Notes
Turn   | Place    | Note
-------+----------+-------------------------------------------
     0 | D:1      | tamtam the Demonspawn Chaos Knight began the quest for the Orb.
     0 | D:1      | Reached XP level 1. HP: 18/18 MP: 1/1
   111 | D:1      | You fall through a shaft!
   128 | D:2      | XOM: silly message
   180 | D:2      | Gained mutation: You have sharp fingernails. [demonic ancestry]
   180 | D:2      | Reached XP level 2. HP: 24/24 MP: 2/2
   284 | D:1      | XOM: divination: magic mapping
   346 | D:1      | XOM: harmless Pois miscast
   382 | D:1      | Reached skill level 1 in Dodging
   382 | D:1      | Reached XP level 3. HP: 28/29 MP: 3/3
   395 | D:1      | XOM: butterfly on damage
   539 | D:1      | XOM: harmless Ice miscast
   550 | D:1      | XOM: 8-stop teleportation journey
   587 | D:1      | XOM: 5-stop teleportation journey
   648 | D:1      | XOM: give mutations
   648 | D:1      | Gained mutation: Armour fits poorly on your strangely shaped body. [Xom's mischief]
   648 | D:1      | Gained mutation: You are dopey. (Int -2) [Xom's mischief]
   648 | D:1      | Gained mutation: You are clumsy. (Dex -2) [Xom's mischief]
   648 | D:1      | Gained mutation: You occasionally shout uncontrollably at your foes. [Xom's mischief]
   655 | D:1      | XOM: noise
   981 | D:2      | XOM: harmless Fire miscast
   993 | D:2      | XOM: 3-stop teleportation journey
   994 | D:2      | Reached XP level 4. HP: 37/37 MP: 4/4
  1265 | D:2      | Noticed Ijyb
  1298 | D:2      | Killed Ijyb
  1308 | D:2      | XOM: god gift: scroll of blinking
  1595 | D:3      | XOM: 7-stop teleportation journey
  1617 | D:3      | Gained mutation: You regenerate a little health from kills. [demonic ancestry]
  1617 | D:3      | Reached XP level 5. HP: 40/42 MP: 5/5
  1637 | D:3      | XOM: 1-stop teleportation journey
  1723 | D:3      | XOM: noise
  1819 | D:3      | XOM: harmless Ice miscast
  1923 | D:3      | XOM: scenery: create altars
  2055 | D:4      | Noticed Robin
  2093 | D:4      | XOM: cleaving
  2112 | D:4      | Killed Robin
  2112 | D:4      | Reached skill level 1 in Stealth
  2325 | D:4      | XOM: confuse monster(s)
  2384 | D:4      | XOM: divination: detect items
  2535 | D:4      | Noticed a centaur
  2545 | D:4      | Shot with an arrow by a centaur

Skill      XL: |  1  2  3  4  5 |
---------------+----------------+-----
Long Blades    | 3 4 |  4.5
Armour         | 2 |  2.4
Dodging        | 1 |  1.6
Fighting       | 4 |  4.2
Stealth        | 1 |  1.0

Action                   |  1- 3 |  4- 6 || total
-------------------------+-------+-------++-------
Melee: Falchion          |    86 |   144 ||   230
       Unarmed           |       |    15 ||    15
  Use: Potion            |     1 |     3 ||     4
       Scroll            |     4 |     7 ||    11
 Stab: Sleeping          |     1 |       ||     1
       Confused          |       |     3 ||     3
  Eat: Chunk             |       |     6 ||     6
Armor: Leather armour    |    35 |    13 ||    48
       Scale mail        |       |    64 ||    64
Dodge: Dodged            |    42 |    95 ||   137
       Rpst.: Falchion   |    12 |    25 ||    37
